 Dungeon Crawl Stone Soup version 0.30-a0-1160-g6e42c06551 (webtiles) character file.

Game seed: 277794260379128542

256078 gremlins the Slayer (level 19, -4/178 (202) HPs)
             Began as a Minotaur Berserker on Apr 25, 2023.
             Was the Champion of Trog.
             Slain by a caustic shrike simulacrum (18 damage)
             ... led by a necromancer
             ... on level 2 of the Depths.
             The game lasted 00:56:40 (39376 turns).

gremlins the Slayer (Minotaur Berserker)           Turns: 39376, Time: 00:56:40

HP:   -4/178 (202)  AC: 30    Str: 25      XL:     19   Next: 6%
MP:   18/18         EV: 22    Int:  5 (7)  God:    Trog [******]
Gold: 864           SH: 31    Dex: 26      Spells: 18/18 levels left

rFire   . . .        H - +7 broad axe (freeze)
rCold   . . .        G - +8 tower shield "Viehag" {Str+3}
rNeg    . . .        e - +7 chain mail {rPois}
rPois   +            (helmet restricted)
rElec   .            t - +0 cloak
rCorr   .            K - +0 pair of gloves
SInv    +            R - +0 pair of boots
Will    +....        D - amulet of regeneration Stlth
                     E - +6 ring of dexterity
HPRegen 1.29/turn    o - ring of Gozag's Generosity {AC+4 Int+3 Dex+2 SInv Stlth+}
MPRegen 0.16/turn

%: no passive effects
@: on berserk cooldown, slowed, heavily drained, very slow
A: horns 2, retaliatory headbutt, wild magic 1
}: 2/15 runes: decaying, serpentine
a: Renounce Religion, Berserk, Trog's Hand, Brothers in Arms


You were on level 2 of the Depths.
You worshipped Trog.
Trog was exalted by your worship.
You visited 6 branches of the dungeon, and saw 32 of its levels.
You also visited: Sewer, Ossuary and Ice Cave.

You collected 3093 gold pieces.
You spent 2229 gold pieces at shops.

Inventory:

Hand Weapons
 a - a +2 hand axe of flaming
 H - a +7 broad axe of freezing (weapon)
Missiles
 y - 3 throwing nets (quivered)
Armour
 e - a +7 chain mail of poison resistance (worn)
 t - a +0 cloak (worn)
 G - the +8 tower shield "Viehag" (worn) {Str+3}
   (You took it off Louise on level 3 of the Snake Pit)

   Str:       It affects your strength (+3).
 K - a +0 pair of gloves (worn)
 R - a +0 pair of boots (worn)
Jewellery
 b - a ring of resist corrosion
 o - the ring of Gozag's Generosity (right hand) {AC+4 Int+3 Dex+2 SInv Stlth+}
   (You acquired it on level 5 of the Dungeon)

   [ring of protection]

   AC:        It affects your AC (+4).
   Int:       It affects your intelligence (+3).
   Dex:       It affects your dexterity (+2).
   SInv:      It lets you see invisible.
   Stlth:     It makes you more stealthy.
 v - a ring of protection from fire
 D - an amulet of regeneration (around neck)
 E - a +6 ring of dexterity (left hand)
 T - a ring of protection from cold
Wands
 j - a wand of flame (55)
 q - a wand of paralysis (18)
 r - a wand of mindburst (42)
 u - a wand of iceblast (58)
 A - a wand of polymorph (10)
 F - a wand of digging (8)
Scrolls
 c - 5 scrolls of fog
 l - 11 scrolls of teleportation
 w - 7 scrolls of magic mapping
 I - 4 scrolls of poison
 J - 16 scrolls of identify
 M - 2 scrolls of silence
 N - 3 scrolls of fear
 P - a scroll of butterflies
 Q - a scroll of blinking
 S - a scroll of brand weapon
Potions
 d - 2 potions of attraction
 f - 8 potions of flight
 g - 4 potions of might
 h - 4 potions of lignification
 i - 10 potions of curing
 k - 10 potions of brilliance
 n - 7 potions of heal wounds
 p - 4 potions of mutation
 s - 4 potions of berserk rage
 x - 2 potions of magic
 z - 4 potions of ambrosia
 B - 6 potions of haste
 C - 2 potions of resistance
 O - a potion of invisibility
Miscellaneous
 m - a phantom mirror


   Skills:
 + Level 25.2 Fighting
 - Level 18.0 Axes
 + Level 17.2 Armour
 + Level 16.9 Dodging
 + Level 17.2 Shields


You had 18 spell levels left.
You didn't know any spells.
Your spell library was empty.

Dungeon Overview and Level Annotations

Branches:
Dungeon (15/15)            Temple (0/1) D:5            Lair (5/5) D:11
  Swamp (4/4) Lair:2        Snake (4/4) Lair:3        Slime (0/5) Lair:5
    Orc (2/2) D:9             Elf (0/3) Orc:2        Vaults (0/5) D:14
 Depths (2/4) D:15          Sewer (visited)         Ossuary (visited)
  IceCv (visited)

Altars:
Hepliaklqana
Makhleb
Nemelex Xobeh
Qazlal
Ru
Xom
Zin
Jiyva

Shops:
D:4 ?   D:8 *!:?   D:12 *   D:15 [   Orc:1 (   Orc:2 *=?   Snake:2 (*:=:*

Portals:
Hell: Depths:1

Annotations:
D:3 3 runed translucent doors, MirrMurr's ghost, amateur GnHu
Depths:2 exclusion: 4 lightning spires


Innate Abilities, Weirdness & Mutations

You have a pair of horns on your head.
You reflexively headbutt those who attack you in melee.
Your spells are a little harder to cast, but a little more powerful.


Message History

Your butterfly disappears in a burst of colours!
The bolt of cold hits your butterfly!!!
Your butterfly dies!
Your butterfly disappears in a burst of colours!
The bolt of cold hits your butterfly!!
Your butterfly dies!
Your butterfly disappears in a burst of colours!
The bolt of cold misses you. The golden dragon bites your butterfly!
Your butterfly dies!
Your butterfly disappears in a burst of colours!
The tentacled monstrosity tentacle-slaps your butterfly!
Your butterfly dies!
Your butterfly disappears in a burst of colours!
The frost giant gestures at you while chanting.
The bolt of cold misses you.
The tentacled monstrosity barely misses your butterfly.
The tentacled monstrosity tentacle-slaps your butterfly!
Your butterfly dies!
Your butterfly disappears in a burst of colours!
The golden dragon breathes fire at you. The bolt of fire hits your butterfly!!
Your butterfly dies!
Your butterfly disappears in a burst of colours!
The bolt of fire hits you!
* * * LOW HITPOINT WARNING * * *
The walking frostbound tome hits your butterfly!!
Your butterfly dies!
Your butterfly disappears in a burst of colours!
Your surroundings suddenly seem different.
A frost giant, a necromancer, 3 zombies and 2 simulacra come into view.
The frost giant is wielding a +1 battleaxe of freezing.
The necromancer is wielding a +0 dagger and wearing a +2 robe of willpower.
The frost giant shouts!
The caustic shrike simulacrum claws you but does no damage.
You block the caustic shrike simulacrum's attack.
You block the glowing shapeshifter simulacrum's attack.
The necromancer casts a spell at you.
Your body is wracked with pain!
* * * LOW HITPOINT WARNING * * *
The caustic shrike simulacrum claws you!!
You die...

##.....##
##.......##
##.........##
#....C......#
+...........#
#...........#..
#......ZZ...'..
#....Z.@Z...#
##......Z..###
##.......##.##.. ##
##....p##...##'##.#
#######..........#
.................#
##.......[..GC.#
##...#####..HC#
##.##...##DuD#


You could see a frost giant, a necromancer, a glowing shapeshifter simulacrum, a
caustic shrike simulacrum, a shadow dragon zombie, a golden dragon zombie and a
tengu reaver zombie.

Vanquished Creatures
  Nikola (Snake:4)
  Jorgrun (Snake:3)
  A lich (Depths:1)
  Frances (D:13)
  Gastronok (D:10)
  Kirke (Snake:3)
  A thorn hunter (Swamp:2)
  A storm dragon (Depths:2)
  8 nagarajas
  Roxanne (Snake:3)
  A fire giant (Depths:1)
  Aizul (Snake:3)
  Louise (Snake:3)
  An orc warlord (Orc:1)
  A reaper (IceCv)
  8 very ugly things
  4 eleionomae
  A vampire knight (Depths:1)
  6 bunyips
  4 spark wasps (Depths:1)
  3 fire dragons (Depths:1)
  2 merfolk impalers (Depths:1)
  An ettin (Depths:1)
  2 shambling mangroves (Swamp:4)
  A great orb of eyes (D:15)
  2 rakshasas (Depths:1)
  3 salamander tyrants
  A vault guard (D:14)
  An ice dragon (Depths:1)
  Erolcha (D:9)
  4 centaur warriors
  21 hydras
  2 spriggan air magi (Depths:2)
  6 catoblepae
  15 anacondas
  8 two-headed ogres
  Erica (Lair:2)
  13 alligators
  6 boulder beetles
  3 deep troll shamans
  4 tengu warriors
  11 naga warriors
  19 death yaks (Lair:5)
  3 orc high priests (Orc:2)
  5 spriggan berserkers
  16 naga sharpshooters
  Urug (D:10)
  Sonja (Lair:1)
  9 shock serpents
  A fire crab (D:12)
  3 iron trolls (Depths:1)
  3 salamander mystics
  Amaemon (Lair:2)
  2 skysharks (Lair:5)
  3 goliath frogs
  6 naga ritualists
  4 spriggan druids
  12 swamp dragons
  A deep troll (Depths:1)
  2 glowing orange brains (Depths:1)
  5 orc knights
  8 bog bodies
  A wizard (D:14)
  2 deep elf pyromancers
  10 mana vipers
  5 cyclopes
  3 orc sorcerers (Orc:2)
  7 will-o-the-wisps
  38 black mambas
  18 ugly things
  6 manticores
  Maurice (D:9)
  14 salamanders
  2 guardian serpents (Snake:4)
  A black mamba (shapeshifter) (D:13)
  16 elephants
  A guardian serpent (shapeshifter) (D:15)
  A torpor snail (Lair:4)
  11 naga magi
  2 ice statues (IceCv)
  9 cane toads
  An orange demon (Lair:2)
  2 unseen horrors (D:12)
  3 rime drakes
  2 efreet
  A tengu conjurer (D:12)
  9 komodo dragons
  5 ice devils (IceCv)
  A kobold demonologist (D:12)
  5 trolls
  A wind drake (shapeshifter) (D:15)
  9 tyrant leeches
  11 hornets
  26 blink frogs
  3 polar bears
  A blink frog (shapeshifter) (D:8)
  13 spriggans
  A shadow (D:12)
  11 slime creatures
  2 centaur simulacra
  2 water elementals (D:13)
  A wraith (D:12)
  A dire elephant simulacrum (IceCv)
  7 basilisks
  70 yaks
  6 wyverns
  3 hogs (Snake:3)
  5 steam dragons
  10 vampire mosquitoes
  2 wargs (Orc:1)
  23 nagas
  16 swamp worms
  4 acid dragons
  11 water moccasins
  19 orc warriors
  11 swamp drakes (Swamp:4)
  2 black bears
  8 ice beasts
  6 sky beasts
  11 ogres
  6 boggarts
  6 centaurs
  3 wolves (Lair:5)
  14 bullfrogs
  3 kobold brigands
  5 two-headed ogre simulacra (IceCv)
  2 gnoll sergeants
  2 cane toad simulacra (IceCv)
  9 wights
  3 elephant simulacra (IceCv)
  15 killer bees
  18 jellies
  4 electric eels
  8 howler monkeys
  2 centaur zombies (Ossuary)
  12 orc priests
  A hound (D:6)
  2 human zombies
  3 sleepcaps
  2 iguanas
  Terence (D:2)
  Ijyb (D:5)
  24 orc wizards
  4 hell rats (Lair:4)
  A troll simulacrum (IceCv)
  2 polar bear simulacra (IceCv)
  2 spriggan simulacra (IceCv)
  2 wolf simulacra (IceCv)
  4 mummies (Ossuary)
  8 gnolls
  6 river rats (Sewer)
  6 adders
  2 naga simulacra (IceCv)
  21 white imps
  An ufetubus (D:13)
  6 worms
  3 dart slugs
  62 orcs
  3 bats
  11 endoplasms
  A giant cockroach (D:4)
  2 gnoll zombies (Ossuary)
  12 goblins
  10 hobgoblins
  6 jackals
  2 quokkas
  13 ball pythons
  3 frilled lizards
  A hobgoblin zombie (Ossuary)
  16 kobolds
  2 orc zombies (Ossuary)
  4 rats
1096 creatures vanquished.

Vanquished Creatures (collateral kills)
  Vashnia (Snake:2)
1 creature vanquished.

Vanquished Creatures (others)
  A tengu conjurer (Depths:1)
  A bloated husk (Swamp:3)
  A spriggan (Swamp:4)
  2 humans (Snake:3)
  A sky beast (D:6)
  An orc (Orc:2)
  28 foxfires
  12 fungi
  60 plants
107 creatures vanquished.

Grand Total: 1204 creatures vanquished

Notes
Turn   | Place    | Note
-------+----------+-------------------------------------------
     0 | D:1      | gremlins the Minotaur Berserker began the quest for the
                  | Orb.
     0 | D:1      | Reached XP level 1. HP: 19/19 MP: 0/0
   146 | D:1      | Reached skill level 4 in Fighting
   146 | D:1      | Reached XP level 2. HP: 25/27 MP: 1/1
   373 | D:1      | Found a faded altar of an unknown god.
   500 | D:1      | Reached XP level 3. HP: 29/34 MP: 2/2
   612 | D:2      | Reached ** piety under Trog
  1007 | D:2      | Found a shimmering altar of Xom.
  1081 | D:2      | Noticed Terence
  1086 | D:2      | Killed Terence
  1087 | D:2      | Reached skill level 5 in Fighting
  1087 | D:2      | Reached skill level 5 in Axes
  1087 | D:2      | Reached XP level 4. HP: 42/42 MP: 3/3
  1555 | D:3      | Found a glowing drain.
  1584 | Sewer    | Entered a sewer
  1646 | Sewer    | Noticed a kobold brigand
  1654 | Sewer    | Killed a kobold brigand
  1655 | Sewer    | Reached XP level 5. HP: 50/50 MP: 4/4
  1747 | Sewer    | Reached skill level 6 in Fighting
  1849 | Sewer    | Reached XP level 6. HP: 54/58 MP: 5/5
  2254 | Sewer    | Reached skill level 7 in Fighting
  2448 | D:3      | Found a runed translucent gate.
  2448 | D:3      | Found a runed translucent gate.
  2448 | D:3      | Found a runed translucent gate.
  2451 | D:3      | Noticed MirrMurr's ghost (amateur GnHu)
  2809 | D:4      | Found a sand-covered staircase.
  2843 | Ossuary  | Entered an ossuary
  2949 | Ossuary  | Reached skill level 8 in Fighting
  3026 | Ossuary  | Reached XP level 7. HP: 59/69 MP: 6/6
  3171 | D:4      | Found Ewnottaffi's Magic Scroll Shop.
  3370 | D:4      | Reached *** piety under Trog
  3439 | D:4      | Reached skill level 9 in Fighting
  3811 | D:4      | Noticed a steam dragon
  3825 | D:4      | Killed a steam dragon
  4061 | D:4      | You fall into a shaft and drop 1 floor!
  4061 | D:5      | Entered Level 5 of the Dungeon
  4085 | D:5      | Reached skill level 10 in Fighting
  4228 | D:5      | Reached XP level 8. HP: 45/79 MP: 7/7
  4463 | D:5      | Found a staircase to the Ecumenical Temple.
  4544 | D:5      | Identified a scroll of acquirement
  4544 | D:5      | Acquired the ring of Gozag's Generosity {AC+4 Int+3 Dex+2
                  | SInv Stlth+}
  4558 | D:5      | Identified the +9 dagger of Bedazzled Offence {flame, rElec
                  | rC+}
  4813 | D:5      | Noticed Ijyb
  4814 | D:5      | Paralysed by Ijyb for 4 turns
  4820 | D:5      | Killed Ijyb
  4951 | D:5      | Reached skill level 11 in Fighting
  4951 | D:5      | Reached skill level 5 in Armour
  4958 | D:5      | Reached skill level 5 in Dodging
  4968 | D:5      | Reached skill level 12 in Fighting
  4968 | D:5      | Reached XP level 9. HP: 80/90 MP: 8/8
  5219 | D:6      | Reached **** piety under Trog
  6589 | D:7      | Reached XP level 10. HP: 95/100 MP: 9/9
  6922 | D:7      | Reached skill level 13 in Fighting
  7213 | D:8      | Found Juaceile's Book Shop.
  7343 | D:8      | Found Hucu Dots's General Store.
  7516 | D:8      | Found Peasadgh's Magic Scroll Boutique.
  7656 | D:8      | Found Wekag's Distillery.
  7993 | D:9      | Noticed Maurice
  8004 | D:9      | Killed Maurice
  8009 | D:9      | a queen bee changed into a cane toad
  8009 | D:9      | Noticed a cane toad (shapeshifter)
  8010 | D:9      | a cane toad changed into a fire crab
  8010 | D:9      | Noticed a fire crab (shapeshifter)
  8216 | D:9      | Reached skill level 1 in Shields
  8290 | D:9      | Noticed Erolcha
  8304 | D:9      | Killed Erolcha
  8305 | D:9      | Reached XP level 11. HP: 108/108 MP: 10/10
  8341 | D:9      | Found a staircase to the Orcish Mines.
  8722 | D:9      | Found a burning altar of Makhleb.
  8722 | D:9      | Found a glowing silver altar of Zin.
  8730 | D:9      | Found a sacrificial altar of Ru.
  8732 | D:9      | Found a hazy altar of Hepliaklqana.
  8734 | D:9      | Found a faded altar of an unknown god.
  8821 | D:10     | Entered Level 10 of the Dungeon
  8878 | D:10     | Noticed a two-headed ogre
  8885 | D:10     | Killed a two-headed ogre
  9124 | D:10     | Noticed Urug
  9139 | D:10     | Killed Urug
  9232 | D:10     | Noticed a two-headed ogre
  9244 | D:10     | Killed a two-headed ogre
  9245 | D:10     | Reached skill level 14 in Fighting
  9245 | D:10     | Reached skill level 5 in Shields
  9521 | D:10     | Noticed Gastronok
  9540 | D:10     | Killed Gastronok
  9541 | D:10     | Reached skill level 10 in Axes
  9715 | D:10     | Found a shimmering altar of Xom.
  9724 | D:10     | Found a stormy altar of Qazlal.
  9813 | D:11     | Noticed a boulder beetle
  9831 | D:11     | Killed a boulder beetle
 10122 | D:11     | Found a sparkling altar of Nemelex Xobeh.
 10307 | D:11     | Noticed a sea snake
 10332 | D:11     | Noticed a brown ugly thing
 10332 | D:11     | Noticed a two-headed ogre
 10343 | D:11     | Killed a brown ugly thing
 10347 | D:11     | Killed a two-headed ogre
 10769 | D:11     | Reached skill level 10 in Armour
 11164 | D:11     | Found a staircase to the Lair.
 11366 | D:11     | Noticed a boulder beetle
 11407 | D:11     | Killed a boulder beetle
 11408 | D:11     | Reached XP level 12. HP: 99/118 MP: 11/11
 11530 | D:11     | Noticed a two-headed ogre
 11538 | D:11     | Killed a two-headed ogre
 11539 | D:11     | Reached skill level 15 in Fighting
 11539 | D:11     | Reached skill level 10 in Dodging
 11681 | Lair:1   | Entered Level 1 of the Lair of Beasts
 12353 | Lair:1   | Noticed Sonja
 12361 | Lair:1   | Killed Sonja
 12945 | Lair:2   | Noticed Erica
 12960 | Lair:2   | Killed Erica
 13212 | Lair:2   | Found a staircase to the Swamp.
 13447 | Lair:2   | Noticed Amaemon
 13463 | Lair:2   | Killed Amaemon
 13671 | Lair:2   | Reached ***** piety under Trog
 14279 | Lair:3   | Reached XP level 13. HP: 125/128 MP: 12/12
 14379 | Lair:3   | Reached skill level 16 in Fighting
 14420 | Lair:3   | Found a staircase to the Snake Pit.
 15480 | Lair:4   | Found a burning altar of Makhleb.
 15565 | Lair:4   | Reached skill level 10 in Shields
 16369 | Lair:5   | Entered Level 5 of the Lair of Beasts
 16385 | Lair:5   | Reached skill level 17 in Fighting
 16609 | Lair:5   | Reached skill level 18 in Fighting
 17238 | Lair:5   | Reached XP level 14. HP: 144/144 MP: 13/13
 17337 | Lair:5   | Reached skill level 19 in Fighting
 17784 | Lair:5   | Received a gift from Trog
 17785 | Lair:5   | Reached skill level 20 in Fighting
 18185 | Lair:5   | Found a viscous altar of Jiyva.
 18185 | Lair:5   | Found a staircase to the Slime Pits.
 19345 | Orc:1    | Entered Level 1 of the Orcish Mines
 19595 | Orc:1    | Found Juxepn's Weapon Emporium.
 19603 | Orc:1    | Bought a +2 broad axe of freezing for 211 gold pieces
 19640 | Orc:2    | Entered Level 2 of the Orcish Mines
 19640 | Orc:2    | Noticed an orc warlord
 19806 | Orc:1    | Killed an orc warlord
 20083 | Orc:2    | Reached ****** piety under Trog
 20621 | Orc:2    | Found a staircase to the Elven Halls.
 20779 | Orc:2    | Gained mutation: Your spells are a little harder to cast,
                  | but a little more powerful. [a neqoxec]
 20803 | Orc:2    | Reached XP level 15. HP: 83/155 MP: 14/14
 21102 | Orc:2    | Found Ypozemuv's General Store.
 21102 | Orc:2    | Found Plog's Magic Scroll Emporium.
 21162 | Orc:2    | Found Esierav's Magic Scroll Shop.
 21162 | Orc:2    | Found Qeliafur's Jewellery Emporium.
 21170 | Orc:2    | Bought a scroll of enchant weapon for 90 gold pieces
 21170 | Orc:2    | Bought a scroll of enchant weapon for 90 gold pieces
 21170 | Orc:2    | Bought a scroll of blinking for 90 gold pieces
 21176 | Orc:2    | Bought the amulet of the Prince of Darkness {Spirit MP+9
                  | Str+2} for 781 gold pieces
 21542 | D:4      | Bought a scroll of acquirement for 676 gold pieces
 21542 | D:4      | Acquired a manual of Fighting
 21844 | D:12     | Found a frozen archway.
 21851 | D:12     | Received a gift from Trog
 21863 | IceCv    | Entered an ice cave
 22625 | D:12     | Found Itad Des's Specific Store.
 22630 | D:12     | Found Nelepur's General Store.
 23741 | D:12     | Found the +2 cloak of the Thief {*Fog Slay-2 SInv Stlth+}
 23938 | D:13     | Identified the +8 eveningstar "Toysaux" {heavy, rElec rCorr
                  | Dex-4} (Trog gifted it to you on level 13 of the Dungeon)
 23938 | D:13     | Received a gift from Trog
 24439 | D:13     | Noticed Frances
 24451 | D:13     | Killed Frances
 25171 | D:14     | Identified the +8 rapier "Soemosa" {vamp, rCorr SInv}
 25745 | D:14     | Reached skill level 15 in Axes
 25745 | D:14     | Reached skill level 15 in Armour
 25891 | D:14     | Found a gate to the Vaults.
 26127 | D:15     | Entered Level 15 of the Dungeon
 26135 | D:15     | Reached skill level 15 in Dodging
 26264 | D:15     | Received a gift from Trog
 26521 | D:15     | Found a staircase to the Depths.
 26564 | D:15     | Found Lepig's Armour Shoppe.
 27345 | D:4      | Bought a scroll of enchant weapon for 97 gold pieces
 27345 | D:4      | Bought a scroll of enchant weapon for 97 gold pieces
 27462 | D:8      | Bought a scroll of enchant armour for 97 gold pieces
 27670 | Snake:1  | Entered Level 1 of the Snake Pit
 27783 | Snake:1  | Reached XP level 16. HP: 156/162 MP: 15/15
 28597 | Snake:2  | Found Yrchol's General Store.
 28709 | Snake:2  | Found Xymoesmi's Assorted Antiques.
 28932 | Snake:2  | Noticed Vashnia
 29148 | Snake:2  | Killed Vashnia
 29148 | Snake:2  | Received a gift from Trog
 29406 | Snake:2  | Found Hexteuh's Weapon Shop.
 29547 | Snake:2  | Reached skill level 15 in Shields
 30041 | Snake:2  | Found Hoell's Book Emporium.
 30043 | Snake:2  | Found Aggell's Jewellery Boutique.
 30044 | Snake:2  | Found Kisaicuf's Book Emporium.
 30188 | Snake:3  | Noticed Jorgrun
 30220 | Snake:3  | Killed Jorgrun
 30367 | Snake:3  | Identified Roxanne's Elucidation of the Syncline
 30367 | Snake:3  | Noticed Roxanne
 30648 | Snake:3  | Killed Roxanne
 30715 | Snake:3  | Reached skill level 21 in Fighting
 30782 | Snake:3  | Noticed Kirke
 30787 | Snake:3  | Noticed Aizul
 30795 | Snake:3  | Killed Kirke
 31152 | Snake:3  | Identified the +8 tower shield "Viehag" {Str+3}
 31152 | Snake:3  | Noticed Louise
 31179 | Snake:3  | Killed Aizul
 31508 | Snake:3  | Killed Louise
 32054 | Snake:4  | Entered Level 4 of the Snake Pit
 32076 | Snake:4  | Reached skill level 22 in Fighting
 32206 | Snake:4  | Reached XP level 17. HP: 169/176 MP: 15/16
 32237 | Snake:4  | Received a gift from Trog
 32640 | Snake:4  | Noticed Nikola
 32648 | Snake:4  | Killed Nikola
 32734 | Snake:4  | Reached skill level 23 in Fighting
 33476 | Snake:4  | Reached skill level 24 in Fighting
 33806 | Snake:4  | Got a serpentine rune of Zot
 34075 | Swamp:1  | Entered Level 1 of the Swamp
 34565 | Swamp:2  | Received a gift from Trog
 34961 | Swamp:2  | Identified the +1 sling "Yvvep" {flame, rF++}
 35489 | Swamp:3  | Reached XP level 18. HP: 187/192 MP: 17/17
 35646 | Swamp:3  | Identified the +1 sling "Jiofy" {freeze, Str+3 Dex+3
                  | Stlth+}
 36064 | Swamp:4  | Entered Level 4 of the Swamp
 37371 | Swamp:4  | Got a decaying rune of Zot
 37858 | Depths:1 | Entered Level 1 of the Depths
 37930 | Depths:1 | Noticed a lich
 37942 | Depths:1 | Killed a lich
 37992 | Depths:1 | Found a gateway to Hell.
 38327 | Depths:1 | Reached skill level 25 in Fighting
 38394 | Depths:1 | Identified the +4 war axe of Taukk {flame, rElec rF- rC++
                  | Dex+3} (Trog gifted it to you on level 1 of the Depths)
 38394 | Depths:1 | Received a gift from Trog
 38582 | Depths:1 | Paralysed by a vampire knight for 2 turns
 38830 | Depths:1 | Reached XP level 19. HP: 187/202 MP: 18/18
 39363 | Depths:2 | Noticed a golden dragon
 39372 | Depths:2 | Noticed a golden dragon
 39372 | Depths:2 | Noticed a golden dragon
 39376 | Depths:2 | Slain by a caustic shrike simulacrum

Illustrated notes

Levels and vault maps discovered:
D:1:      minmay_arrival_glassed_features, layout_rooms,
          shapermc_ecumenical_altar_starsandcircs
D:2:      layout_rooms, basic_altar, uniq_terence
D:3:      layout_loops_ring, cheibrodos_sewer_entry_sluice,
          gammafunk_ghost_nasty_kobolds, grunt_decor_mini_mirrors,
          dreamdust_mushroom_princess
D:4:      kennysheep_the_goblin_king, layout_loops_corners, enter_ossuary_3,
          serial_glass, glass_columns_c, glass_columns_a, serial_shops, shop
D:5:      layout_basic, minmay_temple_entry_gardened_gates,
          minmay_strange_pillars, uniq_ijyb
D:6:      layout_basic
D:7:      layout_loops_corners, kennysheep_windowed_goal
D:8:      layout_loops_ring, serial_shops, nicolae_shop_statue_plus, shop,
          nicolae_inconvenience_store,
          nicolae_shop_temple_entry_statues_fountains
D:9:      layout_rooms, chequers_temple_overflow_minitemple, david_orc_2,
          st_stairs_12, uniq_maurice, uniq_erolcha
D:10:     layout_basic, mainiacjoe_overflow_swirl, nrook_pool_corridor,
          serial_bayou_pond_d, uniq_gastronok, uniq_urug
D:11:     layout_basic, david_lair_shrubbed, serial_aquarium,
          aquarium_bridge_square [aquarium_subvault_wall,
          aquarium_subvault_bridge, aquarium_subvault_balcony,
          aquarium_subvault_balcony], aquarium_window_corridor_2,
          aquarium_window_2, aquarium_view_2b, aquarium_view_2g,
          nemelex_lonely_heart_becter
D:12:     minmay_blocking_statues, layout_stronghold,
          portal_ice_cave_entry_imps, nicolae_benzene_ring,
          nicolae_specific_store
D:13:     layout_layer_cave, serial_ice, serial_ice_i, serial_ice_f,
          serial_ice_e, serial_ice_n, serial_ice_c, uniq_frances
D:14:     layout_basic, david_vaults_5, kennysheep_cross_bottleneck
D:15:     gammafunk_enter_depths_forms, layout_stronghold, serial_shops,
          nicolae_shop_just_a_little_nook
Lair:1:   layout_regular_city, infiniplex_staircase_pool_2, uniq_sonja
Lair:2:   layout_cave_pods, minmay_swamp_entry_worms, uniq_amaemon, uniq_erica
Lair:3:   layout_cave_shapes, minmay_snake_entry_guardpost_small,
          wad_woods_river_02
Lair:4:   layout_small_grid, basic_altar, grunt_megastairs_3,
          serial_bayou_shore_a
Lair:5:   evilmike_catoblepas_cave, layout_hall_layers,
          minmay_slime_entry_jelly_boxes
Swamp:1:  layout_basic_swamp, evilmike_swamp_ruin_house_2
Swamp:2:  layout_basic_swamp, hangedman_swamp_ruin_wall, swamp_pool4
Swamp:3:  layout_basic_swamp, evilmike_swamp_ruin_house_5
Swamp:4:  swamp_basic_johnstein, layout_basic_swamp
Snake:1:  layout_concentric_octagons
Snake:2:  layout_grid_maze, serial_shops, shop, nicolae_shop_window_shopping,
          shop, minmay_shop_grove, uniq_vashnia
Snake:3:  layout_onion_interference, grunt_megastairs_1, lemuel_fruit_tree,
          uniq_kirke, uniq_louise, uniq_roxanne, uniq_aizul, uniq_jorgrun
Snake:4:  grunt_snake_rune_serpentine_throne, layout_cave_town,
          nicolae_snake_squiggles, uniq_nikola
Orc:1:    layout_diamond_mine, basic_altar, serial_shops, shop
Orc:2:    grunt_orc_tribal_feast, layout_caves
Depths:1: layout_gridlike, kennysheep_another_room, hell_entry,
          patterned_corridor
Depths:2: minmay_octagon_city, layout_gridlike, enter_ziggurat_b, hell_entry,
          nicolae_trove_entry_path_of_doom, serial_shops,
          nicolae_shop_statue_plus, nicolae_shop_gaudy_bauble,
          serial_bayou_pond_c, rand_demon_pan_entry_8, minmay_variable_closet,
          hangedman_aerie_drop

Skill      XL: |  1  2  3  4  5  6  7  8  9 10 11 12 13 14 15 16 17 18 |
---------------+-------------------------------------------------------+-----
Fighting       | 4 5 6 8 10 12 13 14 15 18 20 22 24 25 | 25.2
Axes           | 4 5 6 7 9 10 11 12 13 15 16 18 | 18.0
Armour         | 3 5 7 8 10 11 12 13 15 17 | 17.2
Dodging        | 5 6 8 9 11 12 13 15 16 | 16.9
Shields        | 3 7 9 10 11 15 17 | 17.2

Action                     |  1- 3 |  4- 6 |  7- 9 | 10-12 | 13-15 | 16-18 | 19-21 || total
---------------------------+-------+-------+-------+-------+-------+-------+-------++-------
  Melee: Hand axe          |    88 |   187 |   286 |   693 |  1063 |       |       ||  2317
         Headbutt          |    12 |    39 |    83 |   189 |   540 |   366 |    13 ||  1242
         Punch             |     1 |     4 |     6 |     1 |       |       |       ||    12
         Spear             |       |       |       |       |    13 |       |       ||    13
         Broad axe         |       |       |       |       |   588 |  1337 |    43 ||  1968
 Invoke: Berserk           |     1 |     2 |     4 |    15 |    14 |    12 |     1 ||    49
         Trog's Hand       |       |       |       |     1 |     1 |     4 |       ||     6
         Brothers in Arms  |       |       |       |       |       |     1 |       ||     1
  Evoke: Wand              |       |       |       |     5 |     6 |       |       ||    11
    Use: Scroll            |     6 |     5 |     5 |     9 |    17 |     6 |     3 ||    51
         Potion            |       |       |     1 |     1 |     3 |     2 |     3 ||    10
   Stab: Paralysed         |       |       |       |    22 |       |       |       ||    22
         Petrifying        |       |       |       |       |     1 |       |       ||     1
         Petrified         |       |       |       |       |     1 |       |       ||     1
 Armour: Animal skin       |     5 |       |       |       |       |       |       ||     5
         Scale mail        |     9 |       |       |       |       |       |       ||     9
         Chain mail        |       |    77 |   164 |   323 |   537 |   361 |    44 ||  1506
  Dodge: Dodged            |    39 |    60 |   169 |   302 |   873 |   668 |    66 ||  2177
  Block: Buckler           |       |       |       |   142 |   398 |       |       ||   540
         Kite shield       |       |       |       |       |    36 |   255 |       ||   291
         Tower shield      |       |       |       |       |       |  1284 |    76 ||  1360

Table legend: (Time is in decaauts)
 A = Elapsed time spent in this place.
 B = Non-inter-level travel time spent in this place.
 C = Inter-level travel time spent in this place.
 D = Time resting spent in this place.
 E = Time spent auto-exploring this place.
 F = Levels seen in this place.
 G = Mean time per level.
                   A        B        C        D        E       F      G
               +--------+--------+--------+--------+--------+-----+--------+
         Total |  39582 |  35013 |   4569 |   7578 |  20322 |  35 | 1130.9 |
       Dungeon |  16807 |  14463 |   2344 |   2239 |  10052 |  15 | 1120.5 |
          Lair |   7468 |   6634 |    834 |   1361 |   3612 |   5 | 1493.6 |
         Swamp |   3719 |   3261 |    458 |    769 |   1675 |   4 |  929.8 |
     Snake Pit |   6351 |   5586 |    765 |   1860 |   2631 |   4 | 1587.8 |
  Orcish Mines |   1898 |   1781 |    117 |    659 |    865 |   2 |  949.0 |
        Depths |   1490 |   1441 |     49 |    234 |    849 |   2 |  745.0 |
         Sewer |    942 |    942 |      0 |     74 |    620 |   1 |  942.0 |
       Ossuary |    295 |    295 |      0 |     94 |     17 |   1 |  295.0 |
      Ice Cave |    609 |    609 |      0 |    284 |      0 |   1 |  609.0 |
               +--------+--------+--------+--------+--------+-----+--------+

Top non-repeatable levels by time:
  Lair:5: 2513 daAuts
    D:11: 1921 daAuts
 Snake:4: 1882 daAuts
 Snake:2: 1733 daAuts
 Snake:3: 1624 daAuts
  Lair:2: 1604 daAuts
 Swamp:4: 1564 daAuts
     D:7: 1543 daAuts
    D:12: 1494 daAuts
  Lair:4: 1342 daAuts
    D:13: 1304 daAuts
Depths:1: 1295 daAuts
     D:4: 1249 daAuts
   Orc:2: 1203 daAuts
     D:5: 1132 daAuts
